 Dungeon Crawl Stone Soup version 0.27.1-33-g824d729ab1 (webtiles) character file.

Game seed: 2249068857906855248

18153 LLlMATKO the Basher (level 12, 0/108 HPs)
             Began as a Minotaur Berserker on Dec 30, 2021.
             Was a High Priest of Trog.
             Succumbed to a meliai's poison
             ... in a Gauntlet.
             The game lasted 00:21:32 (16963 turns).

LLlMATKO the Basher (Minotaur Berserker)           Turns: 16963, Time: 00:21:32

Health: 0/108      AC: 13    Str: 23    XL:     12   Next: 25%
Magic:  11/11      EV: 15    Int:  4    God:    Trog [*****.]
Gold:   578        SH:  6    Dex: 14    Spells: 11/11 levels left

rFire    . . .     SeeInvis +   O - +3 morningstar (holy)
rCold    . . .     Faith    .   v - +0 buckler
rNeg     . . .     Spirit   .   L - +0 swamp dragon scales
rPois    +         Reflect  .   (helmet restricted)
rElec    .         Harm     .   B - scarf {repulsion}
rCorr    .         Rampage  .   C - +0 pair of gloves
Will     .....     NoTele   +   Q - +0 pair of boots
Stlth    +.........             (no amulet)
HPRegen  0.28/turn              K - ring of see invisible
MPRegen  0.12/turn              (no ring)

@: lethally poisoned (0 -> -4), on berserk cooldown, slowed, repel missiles,
very slow
A: horns 2, retaliatory headbutt
a: Renounce Religion, Berserk, Trog's Hand, Brothers in Arms


You were in a Gauntlet.
You worshipped Trog.
Trog was extremely pleased with you.
You visited 1 branch of the dungeon, and saw 12 of its levels.
You visited the Abyss 1 time.
You also visited: Sewer and Gauntlet.

You collected 698 gold pieces.
You spent 120 gold pieces at shops.

Inventory:

Hand Weapons
 s - a +0 arbalest
 H - a +0 war axe of draining
 O - a +3 morningstar of holy wrath (weapon)
 R - the +12 spear of Discomfort {vorpal, Fly rPois rF- rN+}
   (You took it off an orc on level 7 of the Dungeon)

   It inflicts extra damage upon your enemies.
   rF:        It makes you vulnerable to fire.
   rPois:     It protects you from poison.
   rN:        It protects you from negative energy.
   Fly:       It grants you flight.
 S - a +0 war axe of venom
 U - a +4 morningstar of flaming
 X - a +1 hand axe of freezing
Missiles
 c - 116 bolts
 p - 38 poisoned darts (quivered)
 x - 6 datura-tipped darts
 D - 26 boomerangs
 E - 8 throwing nets
 I - 3 curare-tipped darts
Armour
 v - a +0 buckler (worn)
 B - a scarf of repulsion (worn)
 C - a +0 pair of gloves (worn)
 L - +0 swamp dragon scales (worn)
 Q - a +0 pair of boots (worn)
Jewellery
 b - an amulet of magic regeneration
 u - a ring of flight
 K - a ring of see invisible (left hand)
 N - a ring of protection from cold
Wands
 A - a wand of charming (11)
 F - a wand of flame (52)
 T - a wand of mindburst (13)
Scrolls
 f - 2 scrolls of vulnerability {unknown}
 g - 9 scrolls of enchant weapon {unknown}
 j - 2 scrolls of amnesia {unknown}
 k - 3 scrolls of fog {unknown}
 l - 3 scrolls of teleportation {unknown}
 m - 3 scrolls of immolation {unknown}
 t - 2 scrolls of magic mapping
 y - 3 scrolls of blinking {unknown}
 z - 7 scrolls of identify {unknown}
 G - 2 scrolls of silence {unknown}
 P - 2 scrolls of fear {unknown}
 W - a scroll of enchant armour {unknown}
Potions
 a - 2 potions of lignification {unknown}
 d - 2 potions of invisibility {unknown}
 e - a potion of brilliance {unknown}
 h - 5 potions of heal wounds
 i - 2 potions of cancellation {unknown}
 n - 3 potions of curing
 o - 2 potions of might
 q - 4 potions of flight
 r - 2 potions of attraction {unknown}
 w - a potion of ambrosia {unknown}
 J - a potion of berserk rage {unknown}
 V - 2 potions of resistance {unknown}


   Skills:
 + Level 10.7 Fighting
 + Level 10.9 Maces & Flails
 + Level 8.6 Crossbows
 + Level 10.4 Armour
 + Level 9.7 Dodging
 + Level 9.3 Shields


You had 11 spell levels left.
You didn't know any spells.
Your spell library was empty.

Dungeon Overview and Level Annotations

Branches:
Dungeon (12/15)            Temple (0/1) D:5            Lair (0/6) D:8
    Orc (0/2) D:10          Sewer (visited)         Gauntlet (1/1)

Altars:
Ashenzari
Elyvilon
Gozag
Okawaru
Sif Muna
Wu Jian
Xom
Yredelemnul
Zin
Beogh

Shops:
D:3 *   D:4 [   D:8 [   D:9 [

Annotations:
D:6 3 runed translucent doors, Garym's ghost, novice MiGl Gauntlet 11 transporters


Innate Abilities, Weirdness & Mutations

You have a pair of horns on your head.
You reflexively headbutt those who attack you in melee.


Message History

The meliai hits you with a +0 vampiric broad axe!
* * * LOW HITPOINT WARNING * * *
The meliai draws strength from your wounds!
The meliai closely misses you.
You puncture the meliai!
You kill the meliai!
Trog accepts your kill.
You feel sick.
The meliai hits you with a +0 vampiric broad axe!
* * * LOW HITPOINT WARNING * * *
You block the meliai's attack.
You barely miss the meliai. You headbutt the meliai!
The meliai is heavily wounded.
You feel sick. The meliai barely misses you. You furiously retaliate!
You headbutt the meliai. The meliai stings you.
* * * LOW HITPOINT WARNING * * *
Unknown command.
You impale the meliai!!
You kill the meliai!
Trog accepts your kill.
* * * LOW HITPOINT WARNING * * *
You feel sick.
Unknown command.
You are too berserk!
Unknown command.
You are too berserk!
* * * LOW HITPOINT WARNING * * *
You feel sick.
Things that are here:
a +0 war axe; a +0 robe Unknown command.
You feel a strong urge to attack something.
* * * LOW HITPOINT WARNING * * *
You feel sick.
There is a transporter landing site, spattered with blood here.
Unknown command.
You are no longer berserk.
You are exhausted.
You feel yourself slow down.
You die...

............###########...≈#
....8.....................##
...........8.....8.....8.##
##########...............≈#
........2#...#########...##
.#.#.#.#4#...#..8#8..#...≈#
!.#.#.#..#####}..8...#...##
"#.#.#.#.#...#?.8)8.8#...≈#
©.#.©.#..#©8©#©8@©)8##©8.##
.#.#.#.#.#...#=.8)8.8#...≈#
).#.#.#..#####...8...#...##
.#.#.#.#.#...#..8#8..#...≈#
.........#...#########...##
##########...............≈#
...........8.....8.....8.##
....8............§§§.....≈#
...........#≈#≈#≈#≈#≈#≈#≈##


There were no monsters in sight!

Vanquished Creatures
  Harold (D:8)
  3 two-headed ogres (D:10)
  An orc knight (D:10)
  An ugly thing (D:11)
  3 cyclopes (D:7)
  A worldbinder (Abyss:1)
  3 gargoyles
  Maggie (D:7)
  Psyche (D:8)
  3 meliai (Gauntlet)
  A hornet (D:9)
  A troll (D:10)
  Sigmund (D:3)
  2 shadows (D:11)
  6 wyverns
  2 vampires
  15 yaks
  A wraith (D:7)
  2 steam dragons
  A basilisk (D:11)
  Menkaure (D:7)
  5 water moccasins
  Duvessa (D:7)
  An ice beast (D:7)
  11 orc warriors
  A sky beast (D:7)
  A hornet zombie (D:7)
  6 centaurs
  An ogre (D:6)
  Blork the orc (D:6)
  2 bullfrogs (D:9)
  A wyvern zombie (D:6)
  3 kobold brigands
  3 gnoll sergeants
  Dowan (D:7)
  2 water moccasin zombies (D:6)
  24 killer bees
  5 wights
  3 howler monkeys
  An electric eel (D:10)
  5 bullfrog zombies
  2 hounds (D:6)
  A jelly (D:7)
  Crazy Yiuf (D:6)
  2 bullfrog skeletons
  3 centaur zombies
  5 orc priests
  3 centaur skeletons
  A gnoll shaman (D:6)
  4 iguanas
  5 orc wizards
  A howler monkey zombie (D:6)
  16 gnolls
  7 adders
  A shadow imp (D:5)
  A white imp (D:5)
  An ufetubus (D:4)
  3 worms
  A dart slug (D:3)
  33 orcs
  5 ball pythons
  3 endoplasms
  7 giant cockroaches
  6 goblins
  9 hobgoblins
  10 jackals
  23 kobolds
  3 quokkas
  5 bats
  6 frilled lizards
  15 rats
312 creatures vanquished.

Vanquished Creatures (others)
  2 demonic plants (Gauntlet)
  3 fungi (D:8)
  24 plants
29 creatures vanquished.

Grand Total: 341 creatures vanquished

Notes
Turn   | Place    | Note
-------+----------+-------------------------------------------
     0 | D:1      | LLlMATKO the Minotaur Berserker began the quest for the
                  | Orb.
     0 | D:1      | Reached XP level 1. HP: 19/19 MP: 0/0
   174 | D:1      | Reached XP level 2. HP: 27/27 MP: 1/1
   680 | D:1      | Found a faded altar of an unknown god.
  1245 | D:2      | Reached XP level 3. HP: 33/33 MP: 2/2
  1925 | D:2      | Reached XP level 4. HP: 37/41 MP: 3/3
  2113 | D:3      | Reached ** piety under Trog
  2419 | D:3      | Found Pisocs's General Store.
  2545 | D:3      | Found a basalt altar of Yredelemnul.
  2626 | D:3      | Found a white marble altar of Elyvilon.
  2740 | D:3      | Reached XP level 5. HP: 46/47 MP: 4/4
  2846 | D:3      | Noticed Sigmund
  2863 | D:3      | Killed Sigmund
  2864 | D:3      | Reached skill level 5 in Fighting
  2864 | D:3      | Reached skill level 5 in Maces & Flails
  2864 | D:3      | Reached XP level 6. HP: 24/56 MP: 5/5
  3372 | D:4      | Found a glowing drain.
  3387 | Sewer    | Entered a sewer
  3566 | Sewer    | Found a white marble altar of Elyvilon.
  3877 | D:4      | Cast into level 1 of the Abyss (unwielding a weapon of
                  | distortion)
  3877 | Abyss:1  | Found a corrupted altar of Lugonu.
  3997 | Abyss:1  | Noticed a worldbinder
  3999 | Abyss:1  | Noticed a warg
  3999 | Abyss:1  | Noticed a warg
  4010 | Abyss:1  | Killed a worldbinder
  4011 | Abyss:1  | Reached skill level 1 in Crossbows
  4011 | Abyss:1  | Reached skill level 5 in Armour
  4011 | Abyss:1  | Reached skill level 1 in Shields
  4011 | Abyss:1  | Reached XP level 7. HP: 8/63 MP: 6/6
  4013 | D:4      | Escaped the Abyss
  4339 | D:4      | Reached *** piety under Trog
  4725 | D:4      | Found Hyhexoz's Armour Shoppe.
  4733 | D:4      | Bought a scarf of repulsion for 120 gold pieces
  5052 | D:5      | Entered Level 5 of the Dungeon
  5062 | D:5      | Reached skill level 5 in Dodging
  5091 | D:5      | Noticed a wyvern
  5102 | D:5      | Killed a wyvern
  5103 | D:5      | Reached XP level 8. HP: 39/70 MP: 7/7
  6347 | D:5      | Found a staircase to the Ecumenical Temple.
  6378 | D:5      | Found a broken altar of Ashenzari.
  7912 | D:6      | Noticed Blork the orc
  7922 | D:6      | Killed Blork the orc
  7922 | D:6      | Reached **** piety under Trog
  8194 | D:6      | Reached XP level 9. HP: 78/79 MP: 8/8
  8222 | D:6      | Found a runed translucent gate.
  8222 | D:6      | Found a runed translucent gate.
  8222 | D:6      | Found a runed translucent gate.
  8223 | D:6      | Noticed Garym's ghost (novice MiGl)
  8224 | D:6      | Found an opulent altar of Gozag.
  8225 | D:6      | Noticed a kobold demonologist
  8441 | D:6      | Found a glowing silver altar of Zin.
  8451 | D:6      | Found a shimmering altar of Xom.
  8454 | D:6      | Found an iron altar of Okawaru.
  8472 | D:6      | Found a shimmering blue altar of Sif Muna.
  8630 | D:6      | Found a runed translucent door.
  8630 | D:6      | Noticed Crazy Yiuf
  8747 | D:6      | Killed Crazy Yiuf
  9181 | D:7      | Noticed Duvessa
  9181 | D:7      | Noticed Dowan
  9186 | D:7      | Killed Duvessa
  9187 | D:7      | Reached skill level 5 in Shields
  9194 | D:7      | Killed Dowan
  9242 | D:7      | Noticed Menkaure
  9247 | D:7      | Killed Menkaure
  9318 | D:7      | Noticed Maggie
  9340 | D:7      | Killed Maggie
  9341 | D:7      | Reached skill level 5 in Crossbows
  9437 | D:7      | Noticed a cyclops
  9438 | D:7      | Noticed a cyclops
  9463 | D:7      | Killed a cyclops
  9471 | D:7      | Killed a cyclops
  9472 | D:7      | Reached XP level 10. HP: 65/89 MP: 9/9
  9721 | D:7      | Noticed a cyclops
  9731 | D:7      | Killed a cyclops
 10211 | D:7      | Noticed a gargoyle
 10220 | D:7      | Killed a gargoyle
 10222 | D:7      | Reached ***** piety under Trog
 10367 | D:7      | Identified the +12 spear of Discomfort {vorpal, Fly rPois
                  | rF- rN+}
 11049 | D:8      | Found an ornate altar of the Wu Jian Council.
 11051 | D:8      | Noticed Harold
 11074 | D:8      | Killed Harold
 11536 | D:8      | Noticed Psyche
 11543 | D:8      | Killed Psyche
 11544 | D:8      | Reached XP level 11. HP: 97/97 MP: 10/10
 11655 | D:8      | Found Apsekoh's Armour Boutique.
 11668 | D:8      | Received a gift from Trog
 11695 | D:8      | Found a staircase to the Lair.
 11696 | D:8      | Identified the +3 glaive of Hepliaklqana's Whim {freeze,
                  | rC+ Int+4}
 12746 | D:9      | Found Neutaontua's Armour Boutique.
 12849 | D:9      | Reached skill level 10 in Maces & Flails
 13325 | D:10     | Entered Level 10 of the Dungeon
 13377 | D:10     | Noticed a two-headed ogre
 13393 | D:10     | Killed a two-headed ogre
 13394 | D:10     | Reached skill level 10 in Fighting
 13627 | D:10     | Noticed a two-headed ogre
 13631 | D:10     | Noticed a two-headed ogre
 13638 | D:10     | Killed a two-headed ogre
 13793 | D:10     | Killed a two-headed ogre
 14331 | D:10     | Found a staircase to the Orcish Mines.
 14331 | D:10     | Noticed an orc knight
 14365 | D:10     | Killed an orc knight
 14366 | D:10     | Reached skill level 10 in Armour
 15905 | D:11     | Reached XP level 12. HP: 104/107 MP: 11/11
 16714 | D:12     | Found a gate leading to a gauntlet.
 16721 | Gauntlet | Entered a Gauntlet
 16721 | Gauntlet | Found a transporter.
 16730 | Gauntlet | Found a transporter.
 16730 | Gauntlet | Noticed a blizzard demon
 16746 | Gauntlet | Found a transporter.
 16750 | Gauntlet | Found a transporter.
 16760 | Gauntlet | Found a transporter.
 16780 | Gauntlet | Found a transporter.
 16783 | Gauntlet | Found a transporter.
 16787 | Gauntlet | Found a transporter.
 16817 | Gauntlet | Noticed a green death
 16825 | Gauntlet | Found a transporter.
 16825 | Gauntlet | Found a transporter.
 16833 | Gauntlet | Found a transporter.
 16871 | Gauntlet | Found a transporter.
 16959 | Gauntlet | HP: 3/162 [meliai (6)]
 16961 | Gauntlet | HP: 1/162 [poisoned by a meliai]
 16963 | Gauntlet | Succumbed to a meliai's poison

Illustrated notes

Levels and vault maps discovered:
D:1:      kennysheep_arrival_seaside, layout_basic,
          hellmonk_ecumenical_altar_crossroads, minmay_crystal_room,
          minmay_close_crescents
D:2:      layout_loops_corners
D:3:      wad_lake_hut, layout_loops_ring, kennysheep_ying_yang, serial_shops,
          nicolae_shop_competitors_out_of_business, minmay_between, uniq_sigmund
D:4:      minmay_spotlight, layout_cave_pods, serial_shops, nicolae_square_shop,
          gup_sewer_entry_glass
D:5:      layout_layer_cave, lemuel_round_altar, minmay_temple_entry_overgrown
D:6:      layout_basic, grunt_temple_overflow_cloverleaf, ebering_ghost_gozag,
          serial_undead, serial_undead_e, serial_undead_a, serial_undead_e,
          serial_undead_d, uniq_blork_the_orc, uniq_crazy_yiuf_cottage
D:7:      minmay_the_grid_square_5x5_3x3 [minmay_the_grid_square_5x5_seven,
          minmay_the_grid_square_5x5_misaligned,
          minmay_the_grid_square_5x5_plus, minmay_the_grid_square_5x5_empty,
          minmay_the_grid_square_5x5_megaprize_checkered,
          minmay_the_grid_square_5x5_trominoes, minmay_the_grid_square_5x5_two,
          minmay_the_grid_square_5x5_moneybag,
          minmay_the_grid_square_5x5_slash], layout_basic, uniq_duvessa,
          uniq_maggie, uniq_menkaure
D:8:      layout_loops_ring, nicolae_wu_jian_wuxing_cycle,
          minmay_lair_entry_grove, serial_shops, shop, uniq_psyche, uniq_harold
D:9:      layout_gridville, serial_shops, shop
D:10:     layout_roguey, david_orc_5, kennysheep_diamond
D:11:     layout_cave_pools, hangedman_decor_lopped
D:12:     layout_loops_ring, gauntlet_entry_generic
Gauntlet: minmay_gauntlet_mixed_oops_all_seconds
          [minmay_gauntlet_arena_77_terracotta_army,
          gammafunk_gauntlet_arena_chambers, minmay_gauntlet_arena_77_fan,
          gammafunk_gauntlet_arena_grid, minmay_gauntlet_arena_77_broken_ladder,
          gammafunk_gauntlet_arena_mazey, gauntlet_exit_hidden_loot]

Skill      XL: |  1  2  3  4  5  6  7  8  9 10 11 |
---------------+----------------------------------+-----
Fighting       | 4 5 6 7 8 9 10 | 10.7
Maces & Flails | 4 5 6 7 8 9 10 | 10.9
Armour         | 3 4 5 6 7 8 10 | 10.4
Dodging        | 3 4 5 6 7 8 9 |  9.7
Crossbows      | 1 2 4 5 6 8 |  8.6
Shields        | 1 2 4 6 7 9 |  9.3

Action                   |  1- 3 |  4- 6 |  7- 9 | 10-12 || total
-------------------------+-------+-------+-------+-------++-------
Melee: Mace              |    77 |   112 |    31 |       ||   220
       Headbutt          |    11 |    26 |    61 |   102 ||   200
       Whip              |       |    20 |       |       ||    20
       Flail             |       |       |   146 |       ||   146
       Morningstar       |       |       |   109 |    74 ||   183
       War axe           |       |       |       |   302 ||   302
       Spear             |       |       |       |    47 ||    47
Throw: Dart              |       |     1 |     5 |    26 ||    32
Invok: Berserk           |       |     3 |     9 |     9 ||    21
  Use: Scroll            |       |     1 |       |     1 ||     2
       Potion            |       |     1 |       |       ||     1
 Stab: Sleeping          |     1 |       |       |       ||     1
Armor: Animal skin       |    14 |       |       |       ||    14
       Scale mail        |     3 |       |       |       ||     3
       Chain mail        |    23 |    56 |   119 |       ||   198
       Swamp dragon scal |       |       |    15 |   129 ||   144
Dodge: Dodged            |    46 |    66 |   144 |   299 ||   555
       Repelled          |       |       |     1 |     5 ||     6
Block: Buckler           |       |     5 |    70 |   139 ||   214
